Map: Dusk Towers

Players

Hybrid

  • Race: Zerg Zerg

Astray - Winner!

  • Race: Protoss Protoss
  • League: Bronze

VOD

Have the link to the VOD?

Description

Bronze League win 23/11/15

Time

  • Played on: Nov. 22, 2015, 9:48 p.m.
  • Length: 18:56
Show
View Real Time Build Order
Export as new Build Order

Hybrid Zerg 

Build Orders: 3 Hatch before Pool, Lurkers 

Get SALT Encoding   

  12  0:01  Drone  
  13  0:12  Overlord  
  13  0:19  Drone  
  14  0:31  Drone x2  
  16  0:37  Drone  
  17  0:56  Hatchery, Drone  
  17  1:03  Drone  
  18  1:22  Drone  
  18  1:23  Hatchery  
  18  1:35  Spawning Pool  
  18  1:38  Drone  
  18  1:41  Extractor  
  18  1:42  Drone  
  18  1:46  Drone  
  19  1:51  Drone  
  20  2:01  Drone  
  21  2:10  Overlord  
  21  2:22  Queen  
  21  2:23  Queen  
  21  2:25  Drone x2  
  21  2:28  Drone  
  28  2:33  Drone  
  28  2:34  Drone  
  30  2:43  Drone  
  31  2:45  Metabolic Boost  
  31  2:50  Drone  
  31  2:51  Drone x2  
  34  3:13  Queen  
  34  3:16  Zergling x4  
  34  3:18  Drone x4  
  34  3:19  Overlord x2  
  42  3:24  Extractor  
  41  3:28  Roach Warren  
  41  3:32  Drone  
  41  3:39  Queen  
  43  3:41  Drone x2  
  43  3:42  Drone  
  46  4:01  Overlord  
  46  4:03  Drone x4  
  50  4:14  Evolution Chamber  
  50  4:16  Evolution Chamber  
  48  4:20  Lair, Overlord  
  48  4:24  Roach x6  
  60  4:42  Roach  
  60  4:43  Roach x6  
  74  4:46  Overlord x2  
  74  4:51  Extractor  
  74  4:52  Overlord  
  73  4:53  Extractor  
  72  5:04  Drone x2  
  72  5:05  Drone  
  72  5:06  Drone x3  
  78  5:08  Drone x3  
  81  5:18  Extractor  
  81  5:19  Extractor  
  81  5:20  Overseer  
  79  5:24  Zerg Ground Armor Level 1  
  79  5:28  Drone x3  
  82  5:29  Drone x3  
  82  5:32  Drone x2  
  87  5:45  Drone x8  
  87  5:46  Overlord  
  87  5:49  Overlord  
  95  6:14  Spire  
  95  6:25  Drone x3  
  95  6:26  Hatchery, Drone  
  95  6:28  Drone x5  
  95  6:31  Drone x2  
  95  6:32  Drone  
  105  6:37  Ravager  
  105  6:39  Ravager  
  107  6:40  Overlord x3, Ravager x7  
  107  6:41  Overlord  
  114  6:50  Zerg Missile Weapons Level 1  
  114  6:51  Glial Reconstitution  
  114  7:20  Hydralisk Den  
  113  7:23  Overlord x3  
  113  7:24  Overlord x2  
  113  7:27  Zerg Flyer Weapons Level 1  
  113  7:51  Mutalisk  
  113  7:52  Mutalisk x9  
  133  8:03  Muscular Augments  
  133  8:06  Overseer  
  131  8:45  Roach x10  
  131  8:46  Hydralisk x2  
  131  8:47  Hydralisk x5  
  163  8:51  Zerg Missile Weapons Level 2  
  163  8:56  Zergling x14  
  163  8:57  Zergling x24  
  182  9:06  Zerg Ground Armor Level 2  
  180  9:48  Lurker Den  
  180  10:09  Hatchery  
  179  10:37  Corruptor x2  
  179  10:38  Corruptor x4  
  191  10:45  Infestation Pit  
  191  10:46  Drone x2  
  192  10:50  Burrow  
  192  11:07  Zerg Melee Weapons Level 1  
  192  11:19  Overlord x3  
  192  11:20  Overlord x3  
  192  11:25  Zerg Flyer Armor Level 1  
  192  11:33  Lurker x3  
  192  11:34  Lurker x2  
  192  11:35  Lurker  
  192  11:37  Overlord  
  198  11:51  Pneumatized Carapace  
  198  12:06  Hive  
  198  12:20  Drone  
  199  12:24  Extractor  
  199  12:28  Extractor  
  197  13:13  Hatchery  
  193  16:43  Greater Spire  
  193  16:57  Lurker  
  150  17:46  Roach x5  
  150  17:47  Roach x28  
  150  17:48  Roach x5  
  191  18:18  Zergling x14  
  191  18:19  Zergling x34  
Show
View Real Time Build Order
Export as new Build Order

Astray Protoss - Winner!

Build Orders: 4 Gate Adept 

Get SALT Encoding   

  12  0:01  Probe (Chrono Boost)  
  13  0:12  Probe (Chrono Boost)  
  14  0:20  Pylon  
  14  0:23  Probe (Chrono Boost)  
  15  0:38  Probe (Chrono Boost)  
  16  0:44  Gateway  
  16  0:48  Probe (Chrono Boost)  
  17  0:51  Pylon  
  17  0:57  Assimilator  
  17  1:03  Probe (Chrono Boost), Assimilator  
  18  1:11  Pylon  
  18  1:14  Probe (Chrono Boost)  
  19  1:24  Probe (Chrono Boost)  
  20  1:33  Cybernetics Core  
  20  1:35  Probe (Chrono Boost)  
  21  1:41  Zealot  
  23  1:52  Probe (Chrono Boost)  
  24  2:06  Probe (Chrono Boost)  
  25  2:10  Warp Gate (Chrono Boost)  
  25  2:22  Nexus  
  25  2:31  Adept  
  27  2:57  Gateway  
  27  3:01  Gateway  
  27  3:04  Gateway  
  27  3:09  Probe  
  28  3:21  Probe  
  28  3:22  Pylon  
  29  3:32  Probe  
  29  3:33  Mothership Core  
  32  3:40  Forge  
  32  3:43  Probe  
  33  4:00  Twilight Council  
  33  4:05  Probe  
  33  4:06  Pylon  
  33  4:08  Probe  
  35  4:16  Probe  
  35  4:23  Pylon  
  36  4:27  Pylon  
  36  4:31  Probe  
  36  4:35  Protoss Ground Armor Level 1 (Chrono Boost)  
  36  4:36  Stalker  
  39  4:40  Stalker  
  39  4:41  Stalker, Probe  
  39  4:44  Adept  
  46  4:55  Blink (Chrono Boost)  
  46  5:03  Probe  
  46  5:05  Probe  
  48  5:15  Probe  
  48  5:18  Robotics Facility  
  49  5:21  Probe  
  49  5:27  Probe  
  51  5:40  Stalker  
  53  5:44  Nexus  
  52  6:17  Stalker x2  
  52  6:18  Adept x2  
  60  6:31  Robotics Facility  
  60  6:47  Robotics Facility  
  60  6:53  Pylon  
  60  6:55  Probe  
  60  6:59  Probe  
  60  7:00  Pylon x2  
  62  7:02  Assimilator  
  62  7:06  Probe  
  63  7:11  Probe  
  64  7:16  Probe  
  64  7:22  Stargate  
  65  7:23  Stargate  
  65  7:33  Assimilator  
  65  7:35  Probe  
  65  7:36  Protoss Ground Weapons Level 1  
  66  7:45  Probe, Assimilator  
  66  7:50  Assimilator  
  67  7:55  Observer  
  67  7:56  Probe  
  69  8:00  Immortal x2  
  69  8:03  Stalker x2, Adept  
  69  8:04  Adept  
  85  8:10  Gateway  
  85  8:13  Pylon  
  85  8:35  Stalker  
  85  8:36  Stalker  
  85  8:37  Stalker  
  85  8:38  Stalker  
  91  8:43  Gateway  
  91  8:45  Gateway  
  91  9:04  Probe  
  92  9:12  Adept  
  92  9:13  Adept  
  92  9:14  Probe  
  92  9:16  Immortal x2  
  105  9:22  Robotics Bay  
  104  9:25  Probe  
  97  9:47  Probe  
  97  9:49  Probe  
  99  9:59  Probe x2  
  100  10:00  Pylon  
  100  10:05  Pylon  
  101  10:08  Probe  
  101  10:11  Probe  
  101  10:13  Stalker x2  
  107  10:18  Disruptor  
  107  10:20  Extended Thermal Lance (Chrono Boost)  
  110  10:24  Void Ray  
  114  10:37  Photon Cannon  
  114  10:43  Photon Cannon  
  114  10:51  Photon Cannon  
  114  11:06  Stalker x2, Void Ray  
  130  11:11  Immortal x2  
  130  11:12  Disruptor  
  130  11:15  Void Ray  
  137  11:28  Photon Cannon  
  137  11:38  Photon Cannon  
  137  11:41  Photon Cannon  
  137  11:51  Nexus  
  137  11:55  Sentry  
  137  11:56  Sentry  
  141  12:10  Colossus  
  141  12:14  Resonating Glaives  
  147  12:18  Pylon  
  147  12:20  Pylon  
  147  12:21  Pylon  
  147  12:27  Pylon  
  147  12:35  Adept  
  147  12:36  Colossus  
  155  12:37  Colossus  
  155  12:41  Pylon  
  155  12:42  Adept  
  155  12:43  Adept  
  165  12:52  Pylon  
  165  12:54  Pylon  
  165  12:55  Pylon  
  165  13:00  Protoss Shields Level 1 (Chrono Boost)  
  165  13:18  Adept  
  165  13:19  Adept  
  169  13:20  Stalker  
  169  13:21  Stalker  
  169  13:22  Probe  
  174  13:27  Assimilator  
  174  13:31  Assimilator  
  174  13:33  Probe  
  174  13:36  Pylon  
  174  13:43  Probe  
  175  13:54  Probe  
  173  14:09  Observer  
  174  14:23  Stalker  
  176  14:24  Adept x2  
  180  14:45  Adept x2  
  178  14:48  Immortal  
  178  14:49  Disruptor  
  178  14:50  Colossus  
  178  14:52  Probe  
  194  15:02  Probe  
  195  15:13  Probe  
  193  15:42  Pylon  
  191  16:06  Void Ray  
  191  16:07  Nexus  
  195  16:20  Stalker  
  195  16:21  Adept  
  163  18:27  Probe  
  164  18:38  Probe  
Tags
 
Build Order
4 Gate Adept
Composition
Lurkers
League
Bronze
Matchup
PvZ
Add a new tag
Caveats
  • Supply blocks, unpowered buildings, or Contaminate may cause inaccurate times.
  • Supply counts are checked every 10 seconds.